[Event "*** Titled Tuesday Blitz"]
[Site "Chess.com"]
[Date "2019.02.05"]
[Round "4"]
[White "FearNoEvil12"]
[Black "Thefirstchess"]
[Result "1-0"]
[WhiteElo "1950"]
[BlackElo "1969"]
[TimeControl "180+2"]
[EndTime "13:46:33 PST"]
[Termination "FearNoEvil12 won on time"]

1. e4 c5 2. Nc3 Nc6 3. f4 g6 4.
Nf3 Bg7 5. Bc4 e6 6. f5 exf5 7. d3 fxe4 8. dxe4 Ne5 9. Nxe5 Bxe5 10. Qf3 Qf6 11. O-O Qxf3 12. Rxf3 Nf6 13. Bg5 Bxc3 14.
bxc3 d5 15. Bxf6 Rg8 16. Bxd5 h6 17. Rd1 Rb8 18. Be5 Ra8 19. Bxf7+ 1-0

[Event "*** Titled Tuesday Blitz"]
[Site "Chess.com"]
[Date "2019.02.05"]
[Round "4"]
[White "xberli"]
[Black "Torrentec"]
[Result "1-0"]
[WhiteElo "2535"]
[BlackElo "2405"]
[TimeControl "180+2"]
[EndTime "13:46:36 PST"]
[Termination "xberli won by resignation"]

1. e4 e5 2. Nf3 Nc6 3. Bb5 a6 4. Ba4 Nf6 5. O-O b5 6. Bb3 Be7 7. Re1 O-O 8. a4 b4 9. d3 d6 10. h3 Be6 11. Nbd2 Na5 12. Ba2 Bxa2 13. Rxa2 c5 14. c4 bxc3 15. bxc3 Rb8 16. Nf1 h6 17. Ng3 c4 18. d4 exd4 19. Nxd4 Nb3 20. Nc6 Qc7 21. Nxb8 Rxb8 22. Nf5 Bf8 23. Bf4 Rb6 24. e5 dxe5 25. Bxe5 Qc8 26. Qf3 Re6 27. Rae2 Qe8 28.
Nxh6+ Kh7 29. Bxf6 gxf6 30. Ng4 Nd2 31. Qf5+ Kg7 32.
Rxe6 fxe6 33. Qxf6+ Kh7 34. Rxe6 Qxa4 35. Qf7+ Kh8 36.
Qxf8+ 1-0

[Event "*** Titled Tuesday Blitz"]
[Site "Chess.com"]
[Date "2019.02.05"]
[Round "4"]
[White "MatsenkoSergey"]
[Black "Synctel"]
[Result "1-0"]
[WhiteElo "2696"]
[BlackElo "1886"]
[TimeControl "180+2"]
[EndTime "13:46:40 PST"]
[Termination "MatsenkoSergey won by resignation"]

1. d4 Nf6 2. c4 e6 3. Nf3 Bb4+ 4. Nbd2 O-O 5. a3 Be7 6. e4 c5 7. d5 exd5 8. cxd5 d6 9. Bd3 Re8 10. O-O Bf8 11. Re1 Bg4 12. h3 Bh5 13. b3 Nbd7 14.
g4 Bg6 15. Qc2 a6 16. a4 b6 17. Bb2 Qc7 18. Nh4 Qb7 19. f4 h6 20. Nxg6 fxg6 21. Bf1 b5 22. Bg2 Rac8 23. e5 Nh7 24. e6 Ndf6 25.
Qxg6 c4 26. g5 hxg5 27. fxg5 Nxd5 1-0

[Event "*** Titled Tuesday Blitz"]
[Site "Chess.com"]
[Date "2019.02.05"]
[Round "4"]
[White "Zarikovs1999"]
[Black "NMJeevanK"]
[Result "0-1"]
[WhiteElo "2307"]
[BlackElo "2325"]
[TimeControl "180+2"]
[EndTime "13:46:40 PST"]
[Termination "NMJeevanK won by resignation"]

1. d4 Nf6 2. Bf4 e6 3. Nf3 d5 4.
e3 c5 5. c3 Nc6 6. Nbd2 Bd7 7.
Bd3 Rc8 8. h3 c4 9. Bc2 b5 10.
O-O h6 11. e4 a5 12. b3 b4 13. cxb4 Nxb4 14. bxc4 dxc4 15. Ba4 c3 16. Bxd7+ Qxd7 17. Nb3 Nxe4 18. Nxa5 c2 19. Qe2 Nc3 20. Qd2 Qb5 21. Nb3 Nbxa2 22. Nc1 Nxc1 23. Rfxc1 Ne2+ 24. Kh1 Nxc1 25. Rxc1 Ba3 0-1

[Event "*** Titled Tuesday Blitz"]
[Site "Chess.com"]
[Date "2019.02.05"]
[Round "4"]
[White "twitchTriniCupid"]
[Black "salomez"]
[Result "0-1"]
[WhiteElo "2232"]
[BlackElo "2137"]
[TimeControl "180+2"]
[EndTime "13:47:09 PST"]
[Termination "salomez won by resignation"]

1. d4 Nf6 2. c4 g6 3. Nc3 d5 4. Nf3 Bg7 5. Bf4 c5 6. dxc5 Qa5 7. Qa4+ Qxa4 8. Nxa4 Ne4 9. Nd2 Bd7 10. Nxe4 dxe4 11.
Nc3 Bxc3+ 12. bxc3 Na6 13. Be5 O-O 14. Bd4 Rfc8 15.
Rb1 Nxc5 16. Bxc5 Rxc5 17. Rxb7 Bc6 18. Rc7 Rxc4 19. e3 Rxc3 20. Kd2 Rc5 0-1

[Event "*** Titled Tuesday Blitz"]
[Site "Chess.com"]
[Date "2019.02.05"]
[Round "4"]
[White "Anar_Aliakbarov"]
[Black "Mbneu"]
[Result "0-1"]
[WhiteElo "2458"]
[BlackElo "2266"]
[TimeControl "180+2"]
[EndTime "13:47:10 PST"]
[Termination "Mbneu won by resignation"]

1. d4 Nf6 2. c4 c5 3. d5 e6 4. Nc3 exd5 5. cxd5 d6 6. Nf3 g6 7. Nd2 Bg7 8. e4 O-O 9. Be2 Na6 10. O-O Nc7 11. a4 a6 12. a5 Bd7 13.
Nc4 Nb5 14. Nb6 Nxc3 15. bxc3 Nxe4 16. Nxa8 Nxc3 17. Qc2 Nxe2+ 18. Qxe2 Bb5 19. Qa2 Bxf1 20. Rb1 Bd3 21. Rxb7 Qxa8 22. Rb6 Qe8 23. Be3 Qe5 24.
g3 Be4 25. Rxa6 Bxd5 26. Qb1 Qh5 27. Rxd6 Qf3 28. Rxd5 Qxd5 29. a6 Bd4 30. a7 Bxe3 31.
fxe3 c4 0-1

[Event "*** Titled Tuesday Blitz"]
[Site "Chess.com"]
[Date "2019.02.05"]
[Round "4"]
[White "Witik"]
[Black "moro182"]
[Result "1-0"]
[WhiteElo "2626"]
[BlackElo "2743"]
[TimeControl "180+2"]
[EndTime "13:47:11 PST"]
[Termination "Witik won by resignation"]

1. d4 d5 2. c4 e6 3. Nf3 a6 4. cxd5 exd5 5. Nc3 Nf6 6. Bf4 Be6 7. e3 Bd6 8. Ne5 Nbd7 9. Bd3 O-O 10. O-O Qe7 11.
Rc1 h6 12. Bg3 Rac8 13. f4 Nb6 14. Bh4 c5 15. Ne2 Qd8 16. b3 Be7 17. dxc5 Rxc5 18. Rxc5 Bxc5 19. Nd4 Bc8 20. Bb1 Qd6 21. Bxf6 gxf6 22.
Qc2 Re8 23. Qh7+ 1-0

[Event "*** Titled Tuesday Blitz"]
[Site "Chess.com"]
[Date "2019.02.05"]
[Round "4"]
[White "DrVelja"]
[Black "Caisachess"]
[Result "1-0"]
[WhiteElo "2623"]
[BlackElo "2382"]
[TimeControl "180+2"]
[EndTime "13:47:13 PST"]
[Termination "DrVelja won by resignation"]

1. e4 e5 2. Nf3 Nc6 3. Bb5 f5 4. Nc3 fxe4 5. Nxe4 Nf6 6. Nxf6+ Qxf6 7. Qe2 Be7 8. Bxc6 dxc6 9. Nxe5 O-O 10. b3 Bd6 11. Bb2 Re8 12. d4 Bf5 13. O-O Rad8 14. Rfe1 Bxe5 15. dxe5 Qg6 16. c4 Bg4 17. f3 Bf5 18. Rad1 h6 19. Rxd8 Rxd8 20. e6 Re8 21. e7 Qf7 22. Qe5 Qg6 23. Qxc7 Bh3 24. Qg3 Qxg3 25. hxg3 Bf5 26. g4 Bg6 27. Ba3 Kf7 28. Bd6 h5 29. gxh5 Bxh5 30. Kf2 Bg6 31. b4 Bf5 32. Rh1 Be6 33. c5 a6 34. a3 Bd5 35.
Ke3 Rg8 36. Rh5 Re8 37. Rf5+ Ke6 38. Rf8 Kd7 39. Kf4 Bc4 40. Kg5 Bd5 41. Kg6 Bc4 42.
Kxg7 Bf1 43. g3 Bg2 44. g4 1-0

[Event "*** Titled Tuesday Blitz"]
[Site "Chess.com"]
[Date "2019.02.05"]
[Round "4"]
[White "Jbd735"]
[Black "monalize"]
[Result "0-1"]
[WhiteElo "2459"]
[BlackElo "2309"]
[TimeControl "180+2"]
[EndTime "13:47:23 PST"]
[Termination "monalize won by resignation"]

1. e4 c5 2. Nf3 d6 3. d4 cxd4 4. Nxd4 Nf6 5. Nc3 a6 6. g3 Nc6 7.
Bg2 Bd7 8. O-O e6 9. Re1 Qc7 10. a4 Be7 11. Nb3 O-O 12. a5 Rac8 13. Be3 Ne5 14. Nd2 Bc6 15. h3 d5 16. Bb6 Qb8 17.
exd5 Nxd5 18. Nxd5 Bxd5 19. Bxd5 exd5 20. Nf3 Nxf3+ 21.
Qxf3 Bf6 22. c3 Qd6 23. Rad1 d4 24. cxd4 Qd7 25. Rd2 Qxh3 26. Qxb7 Rfe8 27. Red1 h5 28. Qxa6 Qg4 29. Qe2 Rxe2 0-1

[Event "*** Titled Tuesday Blitz"]
[Site "Chess.com"]
[Date "2019.02.05"]
[Round "4"]
[White "NCchamp"]
[Black "Alekseyviktorovich"]
[Result "0-1"]
[WhiteElo "2171"]
[BlackElo "2315"]
[TimeControl "180+2"]
[EndTime "13:47:26 PST"]
[Termination "Alekseyviktorovich won by resignation"]

1. c4 c6 2. d4 d5 3. cxd5 cxd5 4. Nc3 Nf6 5. f3 Nc6 6. e4 e5 7. dxe5 Nxe5 8. exd5 Bc5 9. Qe2 O-O 10. Bd2 Re8 11.
O-O-O Bf5 12. Qb5 Rc8 13. Bf4 a6 14. Qb3 b5 15. a3 Qb6 16. Nh3 Be3+ 17. Bxe3 Qxe3+ 18. Rd2 Bxh3 19. gxh3 Nxf3 0-1

[Event "*** Titled Tuesday Blitz"]
[Site "Chess.com"]
[Date "2019.02.05"]
[Round "4"]
[White "GM_shahin"]
[Black "Federtiu"]
[Result "0-1"]
[WhiteElo "2725"]
[BlackElo "2647"]
[TimeControl "180+2"]
[EndTime "13:47:31 PST"]
[Termination "Federtiu won by resignation"]

1. e4 g6 2. d4 Bg7 3. Nc3 d6 4. f4 a6 5. Nf3 b5 6. Bd3 Nd7 7. O-O c5 8. e5 cxd4 9. Ne4 Nh6 10. exd6 O-O 11. a4 Bb7 12. axb5 axb5 13. Rxa8 Bxa8 14. Qe1 Re8 15. Bd2 exd6 16. Nxd6 Rxe1 17. Rxe1 Nf6 18. Nxb5 Bxf3 19. gxf3 Nf5 20. Re5 Nd5 21. Re4 Nde3 22.
Bb4 h5 23. Be1 Bf6 24. b3 Kg7 25. b4 Bh4 26. Bd2 Qa8 27. Bxe3 Nxe3 28. Rxe3 dxe3 29. Be2 Qa1+ 30. Kg2 Qe1 31. Nd4 Bf6 0-1

[Event "*** Titled Tuesday Blitz"]
[Site "Chess.com"]
[Date "2019.02.05"]
[Round "4"]
[White "Marcus_Harvey"]
[Black "OscarAng"]
[Result "0-1"]
[WhiteElo "2693"]
[BlackElo "2397"]
[TimeControl "180+2"]
[EndTime "13:47:36 PST"]
[Termination "OscarAng won by resignation"]

1. Nf3 b6 2. b3 Bb7 3. Bb2 Nf6 4. e3 e6 5. Be2 Be7 6. O-O d5 7. c4 O-O 8. Nc3 c5 9. cxd5 Nxd5 10. d4 Nd7 11. Nxd5 Bxd5 12. Ne5 Nxe5 13. dxe5 Bc6 14.
Qc2 Qc7 15. Rad1 Rfd8 16. f4 Rxd1 17. Rxd1 Rd8 18. Bf3 Bxf3 19. gxf3 Rxd1+ 20. Qxd1 Qd8 21. Qxd8+ Bxd8 22. Kf2 Kf8 23. Ke2 Ke7 24. Kd3 Kd7 25.
b4 cxb4 26. Kc4 Be7 27. Kb5 Bc5 28. Bd4 Bxd4 29. exd4 a5 30. f5 h5 31. f4 h4 32.
h3 exf5 33. d5 Kc7 34. Kc4 f6 35. d6+ Kc6 36. Kd4 b5 37. exf6 gxf6 38. d7 Kxd7 39. Kc5 a4 40. Kxb4 Kc6 41. Kc3 Kd5 42. Kb4 Ke4 43.
Kxb5 Kxf4 44. Kxa4 Kg3 45. Kb3 f4 0-1

[Event "*** Titled Tuesday Blitz"]
[Site "Chess.com"]
[Date "2019.02.05"]
[Round "4"]
[White "Sordis"]
[Black "chenrip"]
[Result "0-1"]
[WhiteElo "2320"]
[BlackElo "2315"]
[TimeControl "180+2"]
[EndTime "13:47:38 PST"]
[Termination "chenrip won by resignation"]

1. c4 c5 2. g3 Nc6 3. Bg2 b6 4. Nc3 Bb7 5. Nf3 Nd4 6. e3 Nxf3+ 7. Bxf3 Bxf3 8. Qxf3 Nf6 9. b3 g6 10. Bb2 Bg7 11. h4 h5 12. d3 O-O 13. e4 e6 14.
e5 Ng4 15. Ne4 Nxe5 16. Bxe5 Bxe5 17. O-O-O d5 18. Ng5 b5 19. g4 Qa5 20. Qe2 Qc3+ 21.
Qc2 Qa1+ 22. Kd2 Bf4+ 23. Ke2 Qe5+ 24. Kf1 bxc4 25. gxh5 cxb3 26. axb3 Rab8 27. hxg6 fxg6 28. Re1 Qf5 29. Rxe6 Bxg5 30. Re2 Bh6 0-1

[Event "*** Titled Tuesday Blitz"]
[Site "Chess.com"]
[Date "2019.02.05"]
[Round "4"]
[White "Alex_Terzi"]
[Black "regular_legs"]
[Result "1-0"]
[WhiteElo "2494"]
[BlackElo "2482"]
[TimeControl "180+2"]
[EndTime "13:47:40 PST"]
[Termination "Alex_Terzi won by checkmate"]

1. e4 c6 2. d4 d5 3. Nc3 dxe4 4.
Nxe4 Bf5 5. Ng3 Bg6 6. h4 h6 7.
Nh3 e6 8. Nf4 Bh7 9. Bc4 Nf6 10.
Nfh5 Nbd7 11. c3 Nxh5 12. Nxh5 Nf6 13. Bf4 Bg6 14. Nxf6+ Qxf6 15. Be5 Qd8 16. Qf3 Rg8 17. O-O-O Bd6 18. Rhe1 Bxe5 19. dxe5 Qxh4 20. Rd4 Qg5+ 21. Re3 Rd8 22. Qd1 Rxd4 23. Qxd4 Qxg2 24. Qxa7 Qg1+ 25. Kd2 Qxf2+ 26. Be2 Qf4 27. Qb8+ Ke7 28. Qxb7+ Kf8 29. Qc8+ Ke7 30. Qc7+ Kf8 31. Qd8# 1-0

[Event "*** Titled Tuesday Blitz"]
[Site "Chess.com"]
[Date "2019.02.05"]
[Round "4"]
[White "cherryandmint"]
[Black "Frolik67"]
[Result "1-0"]
[WhiteElo "2625"]
[BlackElo "2532"]
[TimeControl "180+2"]
[EndTime "13:47:45 PST"]
[Termination "cherryandmint won by resignation"]

1. e4 e6 2. d4 d5 3. e5 c5 4. c3 Nc6 5. Nf3 Bd7 6. Be2 Rc8 7. O-O cxd4 8. cxd4 Nge7 9. Nc3 a6 10. a3 Nf5 11. Kh1 Qb6 12. Na4 Qa7 13. Be3 h5 14.
b4 Be7 15. Nc5 g6 16. Bd3 Rc7 17. Rc1 Bc8 18. Qe2 h4 19. Rc2 O-O 20. Rfc1 Qb6 21. Qd2 Rd8 22. Bxf5 exf5 23. Bg5 Be6 24. Bxe7 Nxe7 25.
Qh6 f4 26. Ng5 Nf5 27. Qh7+ Kf8 28. Ncxe6+ 1-0

[Event "*** Titled Tuesday Blitz"]
[Site "Chess.com"]
[Date "2019.02.05"]
[Round "4"]
[White "Muisback26"]
[Black "Mostii"]
[Result "1-0"]
[WhiteElo "2859"]
[BlackElo "2488"]
[TimeControl "180+2"]
[EndTime "13:47:49 PST"]
[Termination "Muisback26 won by checkmate"]

1. e4 e6 2. d4 d5 3. Nd2 Nf6 4. e5 Nfd7 5. Bd3 c5 6. c3 b5 7. Bxb5 Qb6 8. Qa4 cxd4 9. cxd4 a6 10. Be2 Nc6 11. Ngf3 g5 12. h3 h5 13. Nb3 Qc7 14.
Nbd2 Qb6 15. Nb1 Rg8 16. g4 Bb4+ 17. Bd2 hxg4 18. hxg4 a5 19. a3 Bxd2+ 20. Nbxd2 Rb8 21. Rc1 Ne7 22. Rh7 Kf8 23. Rxc8+ Rxc8 24. Qxd7 Rc1+ 25. Bd1 Qa6 26. Qd8# 1-0

[Event "*** Titled Tuesday Blitz"]
[Site "Chess.com"]
[Date "2019.02.05"]
[Round "4"]
[White "WPWPWP-2015"]
[Black "Jenia84"]
[Result "1-0"]
[WhiteElo "2314"]
[BlackElo "2202"]
[TimeControl "180+2"]
[EndTime "13:47:50 PST"]
[Termination "WPWPWP-2015 won by resignation"]

1. e4 c5 2. Nf3 d6 3. d4 cxd4 4. Nxd4 Nf6 5. Nc3 a6 6. h3 e5 7.
Nde2 h5 8. Nd5 Nxd5 9. Qxd5 Nc6 10. Be3 Be6 11. Qd2 d5 12. exd5 Qxd5 13. Qxd5 Bxd5 14.
Nc3 Be6 15. O-O-O Be7 16. Nd5 Bd8 17. Nb6 Rb8 18. Be2 O-O 19. Bxh5 f5 20. Nd7 Bxd7 21.
Rxd7 f4 22. Bc5 Rf6 23. Bf3 Rc8 24. Rhd1 Ba5 25. Rxb7 Nd8 26. Be7 Nxb7 27. Bxf6 gxf6 28. Bxb7 Rd8 29. f3 Rxd1+ 30. Kxd1 Kf7 31. Bxa6 Kg6 32. c3 Kg5 33. b4 Bb6 34. a4 Kh4 35. a5 Be3 36.
Bd3 Kg3 37. Ke2 Kxg2 38. h4 1-0

[Event "*** Titled Tuesday Blitz"]
[Site "Chess.com"]
[Date "2019.02.05"]
[Round "4"]
[White "Hieronymus00"]
[Black "mjray79"]
[Result "1-0"]
[WhiteElo "2181"]
[BlackElo "2066"]
[TimeControl "180+2"]
[EndTime "13:47:58 PST"]
[Termination "Hieronymus00 won by checkmate"]

1. e4 g6 2. d4 Bg7 3. Nc3 d6 4.
Nf3 Nd7 5. h3 c6 6. Be3 b5 7.
Qd2 Bb7 8. a4 a6 9. Be2 h5 10. O-O Ngf6 11. e5 dxe5 12. dxe5 Ng4 13. hxg4 hxg4 14. Nh2 e6 15. Bg5 f6 16. exf6 Bxf6 17.
Bf4 e5 18. Bg3 Bh4 19. Ne4 Bxg3 20. fxg3 Qb6+ 21. Rf2 c5 22. Nd6+ Ke7 23. Rf7+ Ke6 24. Bxg4# 1-0

[Event "*** Titled Tuesday Blitz"]
[Site "Chess.com"]
[Date "2019.02.05"]
[Round "4"]
[White "LucaBrasi1968"]
[Black "x-3738459472"]
[Result "0-1"]
[WhiteElo "2468"]
[BlackElo "2514"]
[TimeControl "180+2"]
[EndTime "13:48:03 PST"]
[Termination "x-3738459472 won by resignation"]

1. d4 Nf6 2. Nf3 c5 3. c3 d5 4. Bg5 Nc6 5. e3 Qb6 6. Qb3 c4 7. Qc2 Bf5 8. Qc1 Ne4 9. Bf4 e6 10. Nbd2 Be7 11. h3 O-O 12. Be2 Qd8 13. Bd1 b5 14.
Bc2 Nxd2 15. Qxd2 Bxc2 16. Qxc2 b4 17. O-O Bd6 18. Bxd6 Qxd6 19. b3 Na5 20. Nd2 Rac8 21. cxb4 cxb3 22. Qd3 b2 23. Rab1 Qxb4 24. Nb3 Nc4 25.
e4 a5 26. exd5 exd5 27. h4 a4 28. Nc5 a3 29. Rfd1 Nd6 30. h5 h6 31. Re1 Ne4 32.
Nxe4 dxe4 33. Qxe4 Rce8 34. Qxe8 Rxe8 35. Rxe8+ Kh7 36. Ree1 Qxd4 37. Rbd1 Qc4 38. Rb1 Qxa2 39. Rbd1 Qb3 0-1

[Event "*** Titled Tuesday Blitz"]
[Site "Chess.com"]
[Date "2019.02.05"]
[Round "4"]
[White "manuellarrea"]
[Black "GremioPrudente"]
[Result "1-0"]
[WhiteElo "2065"]
[BlackElo "2067"]
[TimeControl "180+2"]
[EndTime "13:48:08 PST"]
[Termination "manuellarrea won on time"]

1. e4 e6 2. d4 d5 3. Nc3 Nf6 4. e5 Nfd7 5. f4 c5 6. Nf3 Nc6 7. Be3 cxd4 8. Nxd4 Bc5 9. Qd2 O-O 10. O-O-O a6 11.
Kb1 Nxd4 12. Bxd4 b5 13. f5 b4 14. f6 gxf6 15. exf6 Kh8 16. Qh6 Rg8 17. Bd3 Nf8 18. Bxc5 Ng6 19. Bxb4 Rb8 20. Be7 Qb6 21. b3 a5 22. Bxg6 fxg6 23. f7 1-0

[Event "*** Titled Tuesday Blitz"]
[Site "Chess.com"]
[Date "2019.02.05"]
[Round "4"]
[White "Alopekos"]
[Black "r31415"]
[Result "1-0"]
[WhiteElo "2493"]
[BlackElo "2294"]
[TimeControl "180+2"]
[EndTime "13:48:08 PST"]
[Termination "Alopekos won by resignation"]

1. e4 e5 2. Nf3 Nc6 3. Bb5 Nf6 4. Nc3 Bc5 5. O-O d6 6. d4 exd4 7. Nxd4 Bd7 8. Nb3 Bb6 9. Bg5 h6 10. Bxf6 Qxf6 11. Nd5 Qg5 12. a4 Bh3 13. Qf3 Bg4 14.
Qc3 O-O 15. a5 Ne5 16. Kh1 Qh5 17. f3 c6 18. Ne7+ Kh8 19. Be2 Bc7 20. fxg4 Qg5 21. Nf5 d5 22. exd5 Qh4 23. Nxh4 1-0

[Event "*** Titled Tuesday Blitz"]
[Site "Chess.com"]
[Date "2019.02.05"]
[Round "4"]
[White "StanislavNovikov"]
[Black "nocnypako"]
[Result "1-0"]
[WhiteElo "2670"]
[BlackElo "2340"]
[TimeControl "180+2"]
[EndTime "13:48:09 PST"]
[Termination "StanislavNovikov won by resignation"]

1. e4 e6 2. Qe2 c5 3. Nf3 Nc6 4. g3 g6 5. Bg2 Bg7 6. O-O d6 7.
c3 Nge7 8. Na3 O-O 9. d4 cxd4 10. cxd4 Nxd4 11. Nxd4 Bxd4 12. Rd1 Bg7 13. Nb5 d5 14. Bg5 a6 15. exd5 axb5 16. d6 f6 17. dxe7 Qxe7 18.
Be3 Qb4 19. Rac1 Re8 20. a3 Qb3 21. Rc7 f5 22. Bd4 Bxd4 23. Rxd4 e5 24. Bd5+ 1-0

[Event "*** Titled Tuesday Blitz"]
[Site "Chess.com"]
[Date "2019.02.05"]
[Round "4"]
[White "SCIM"]
[Black "SerkanSoysal"]
[Result "1-0"]
[WhiteElo "2411"]
[BlackElo "2542"]
[TimeControl "180+2"]
[EndTime "13:48:10 PST"]
[Termination "SCIM won by resignation"]

1. d4 Nf6 2. c4 g6 3. Nc3 d5 4.
Bg5 Bg7 5. Bxf6 Bxf6 6. cxd5 c6 7. e4 Qb6 8. e5 Bg7 9. Qd2 O-O 10. Nf3 Rd8 11. Be2 cxd5 12. O-O Nc6 13. h3 Bf5 14. Rac1 Rac8 15. Na4 Qc7 16. Nc5 Be4 17. b4 Qb6 18. a3 Bxf3 19. Bxf3 a5 20. Rb1 axb4 21. axb4 Ra8 22. Rfc1 e6 23. h4 Qa7 24. b5 Na5 25. b6 Qb8 26. h5 Nc4 27. Qf4 Ra2 28. Nxb7 Rf8 29. h6 Bh8 30. Nc5 Qd8 31. b7 Rb2 32. Rxb2 Nxb2 33. Rb1 1-0

[Event "*** Titled Tuesday Blitz"]
[Site "Chess.com"]
[Date "2019.02.05"]
[Round "4"]
[White "jefferyx"]
[Black "vovachesss"]
[Result "1-0"]
[WhiteElo "2865"]
[BlackElo "2577"]
[TimeControl "180+2"]
[EndTime "13:48:11 PST"]
[Termination "jefferyx won by checkmate"]

1. d4 d5 2. c4 e6 3. Nf3 Nf6 4. g3 c5 5. cxd5 Nxd5 6. Bg2 Nc6 7. O-O cxd4 8. Nxd4 Bc5 9. Nxc6 bxc6 10. Qc2 Qb6 11.
Nd2 O-O 12. Nb3 Be7 13. e4 Nb4 14. Qc3 Ba6 15. Be3 Qc7 16. Rfd1 Rab8 17. Nc5 Bf6 18. Bd4 Bxd4 19. Rxd4 Qb6 20. a3 Nd3 21. Nxd3 Bxd3 22.
Rxd3 Qxb2 23. Qxb2 Rxb2 24. Rc1 f5 25. e5 f4 26. Rf3 fxg3 27. Rxf8+ Kxf8 28. hxg3 Rb3 29.
Rxc6 Rxa3 30. Rxe6 a5 31. Ra6 Ra1+ 32. Kh2 Ke7 33.
Bd5 a4 34. Ra7+ Kf8 35. e6 Re1 36. Rxa4 Ke7 37. Ra7+ Kf6 38. Rf7+ Kg6 39. e7 h5 40. f4 h4 41. f5+ Kh6 42. gxh4 Kh5 43. Be6 Kxh4 44. e8=Q Re2+ 45. Kg1 Kg3 46. Rxg7+ Kf4 47. Qb8+ Ke3 48. Rg3+ Kd2 49. Qb2+ Kd1 50. Rd3+ Ke1 51.
Qc1# 1-0

[Event "*** Titled Tuesday Blitz"]
[Site "Chess.com"]
[Date "2019.02.05"]
[Round "4"]
[White "jcibarra"]
[Black "Feegus"]
[Result "1-0"]
[WhiteElo "2707"]
[BlackElo "2377"]
[TimeControl "180+2"]
[EndTime "13:48:11 PST"]
[Termination "jcibarra won on time"]

1. e4 e6 2. d4 d5 3. Nd2 Nc6 4.
Ngf3 Nf6 5. e5 Nd7 6. c4 dxc4 7. Nxc4 Nb6 8. a3 Be7 9. Be3 Nd5 10. Bd3 a6 11. Qc2 Qd7 12. Rc1 b5 13. Ncd2 Bb7 14. O-O g5 15. Ne4 g4 16. Nfd2 Rd8 17. Nb3 Nxe3 18.
fxe3 Qd5 19. Nec5 Bxc5 20. Nxc5 Nxd4 21. exd4 Qxd4+ 22. Kh1 Bd5 23. Nxa6 g3 24. Nxc7+ Kf8 25. Nxd5 Rxd5 26. Rf3 gxh2 27. Rcf1 Rxe5 28. Rxf7+ 1-0

[Event "*** Titled Tuesday Blitz"]
[Site "Chess.com"]
[Date "2019.02.05"]
[Round "4"]
[White "josmito10"]
[Black "Kirill_Klukin"]
[Result "1-0"]
[WhiteElo "2744"]
[BlackElo "2629"]
[TimeControl "180+2"]
[EndTime "13:48:15 PST"]
[Termination "josmito10 won by resignation"]

1. d4 Nf6 2. c4 Nc6 3. Nf3 e6 4. a3 d6 5. Nc3 g6 6. e4 Bg7 7. Be2 O-O 8. O-O e5 9. d5 Ne7 10. b4 a5 11. Bd2 Nh5 12. Ne1 Nf4 13.
Nd3 Nxd3 14. Bxd3 f5 15. f3 Rf7 16. Be3 Bf8 17. c5 axb4 18. axb4 Rxa1 19. Qxa1 f4 20. Bf2 g5 21. cxd6 cxd6 22. Qa8 Rg7 23. Rc1 Qe8 24. Nb5 Qg6 25. Rxc8 Nxc8 26. Qxc8 h5 27. Qe6+ Kh7 28.
Bb6 g4 29. Qxg6+ Kxg6 30. Kf2 Rd7 31. g3 Be7 32. Be2 fxg3+ 33. hxg3 gxf3 34. Bxf3 Bg5 35. Bc7 Be7 36. Bg2 Bf8 37. Bh3 Rf7+ 38. Bf5+ Rxf5+ 39. exf5+ Kxf5 40. Nxd6+ 1-0

[Event "*** Titled Tuesday Blitz"]
[Site "Chess.com"]
[Date "2019.02.05"]
[Round "4"]
[White "Gentlejimmy7"]
[Black "mishanick"]
[Result "0-1"]
[WhiteElo "2299"]
[BlackElo "3020"]
[TimeControl "180+2"]
[EndTime "13:48:19 PST"]
[Termination "mishanick won by resignation"]

1. d4 Nf6 2. Nf3 g6 3. g3 Bg7 4. Bg2 d5 5. O-O c6 6. c4 dxc4 7. Ne5 Ng4 8. Nxc4 Qxd4 9. Qc2 O-O 10. h3 Ne5 11. Nba3 Nxc4 12. Nxc4 Be6 13. Na5 Qb6 14. Nb3 Nd7 15. Be3 Qb4 16. Nc5 Nxc5 17. Bxc5 Qc4 18.
Qxc4 Bxc4 19. Rfe1 Rfd8 20. Bxe7 Rd2 21. Bg5 Rxb2 22.
Rab1 Bxa2 23. Rxb2 Bxb2 24. Rd1 a5 25. Rd7 Bd5 26. Rxb7 Bg7 27. e4 Be6 28. e5 Bd5 29. f4 a4 30. Bxd5 cxd5 31. Rb2 a3 32. Ra2 Bf8 33.
f5 gxf5 34. Bc1 Bc5+ 35. Kf1 Kf8 36. Ke2 Ke7 37. Kd3 Ke6 38. Bf4 Rb8 39. Kc2 d4 40. Ra1 Rb2+ 41. Kd3 Kd5 42. Bc1 Rb3+ 0-1

[Event "*** Titled Tuesday Blitz"]
[Site "Chess.com"]
[Date "2019.02.05"]
[Round "4"]
[White "Lagmantr"]
[Black "fm_magua"]
[Result "1-0"]
[WhiteElo "2518"]
[BlackElo "2400"]
[TimeControl "180+2"]
[EndTime "13:48:20 PST"]
[Termination "Lagmantr won by resignation"]

1. e4 c5 2. Nf3 Nc6 3. d4 cxd4 4. Nxd4 e5 5. Nb5 d6 6. N1c3 a6 7. Na3 b5 8. Nd5 Nce7 9. c4 Nxd5 10. exd5 bxc4 11.
Nxc4 f5 12. Be2 Nf6 13. O-O Be7 14. Be3 O-O 15. Rc1 Bb7 16. Nb6 Rb8 17. f4 exf4 18. Rxf4 Ne4 19. Rf1 Bg5 20. Nc4 Bxe3+ 21. Nxe3 Qb6 22. Qb3 Qxb3 23. axb3 f4 24. Nc4 Bxd5 25. Rcd1 Bxc4 26. Bxc4+ Kh8 27. Rd4 Nc5 28. Rdxf4 Rxf4 29. Rxf4 h5 30. Rd4 Nxb3 31. Rxd6 Nc5 32. Rd5 g6 33.
Rxc5 Rxb2 34. Bxa6 Kg7 35. Bd3 Rb6 36. Kf2 Rf6+ 37.
Ke3 h4 38. Be4 Ra6 39. Rc6 Rxc6 40. Bxc6 Kf6 41. h3 1-0

[Event "*** Titled Tuesday Blitz"]
[Site "Chess.com"]
[Date "2019.02.05"]
[Round "4"]
[White "justantan"]
[Black "DanielMieles1985"]
[Result "1-0"]
[WhiteElo "2707"]
[BlackElo "2622"]
[TimeControl "180+2"]
[EndTime "13:48:20 PST"]
[Termination "justantan won by resignation"]

1. e4 e5 2. Nf3 Nc6 3. Bb5 a6 4. Ba4 d6 5. c3 Bd7 6. d4 g6 7. O-O Bg7 8. Re1 Nf6 9. h3 O-O 10. Nbd2 exd4 11. cxd4 Nb4 12. Bxd7 Qxd7 13. Nf1 c5 14. a3 Nc6 15. d5 Ne7 16. Ng3 b5 17.
Bf4 Rfe8 18. Qd2 a5 19. Rad1 b4 20. axb4 axb4 21. Bh6 Ra2 22. Bxg7 Kxg7 23. h4 h5 24. Qg5 Qg4 25. e5 dxe5 26. d6 Ned5 27. Nxe5 Qe6 28.
d7 Nxd7 29. Nxd7 Qxd7 30. Rxe8 Qxe8 31. Rxd5 Kh7 32. Re5 Qd7 33. Ne4 Ra1+ 34. Kh2 Qc7 35. Nf6+ Kg7 36. Ne8+ 1-0

[Event "*** Titled Tuesday Blitz"]
[Site "Chess.com"]
[Date "2019.02.05"]
[Round "4"]
[White "Dr-Bassem"]
[Black "1e41-0"]
[Result "1-0"]
[WhiteElo "2768"]
[BlackElo "2547"]
[TimeControl "180+2"]
[EndTime "13:48:21 PST"]
[Termination "Dr-Bassem won by checkmate"]

1. e4 e6 2. d3 d5 3. Nd2 Nf6 4.
Ngf3 c5 5. g3 Nc6 6. Bg2 g6 7. O-O Bg7 8. Re1 O-O 9. c3 a5 10. a4 b6 11. Nb1 Ba6 12. e5 Ng4 13. Bf4 f6 14. exf6 Qxf6 15. h3 Nh6 16. Ng5 Rae8 17.
Na3 Nf7 18. Qd2 h6 19. Nxf7 Qxf7 20. Nb5 g5 21. Bd6 Bxb5 22. Bxf8 Rxf8 23. axb5 Na7 24. c4 Bd4 25. Re2 Nc8 26. Rf1 Nd6 27. Rxe6 Nf5 28. Bxd5 Kg7 29. Rxh6 Qc7 30. Qxg5# 1-0